 Dungeon Crawl Stone Soup version 0.28.0-49-g6dfe1f597d (console) character file.

Game seed: 12556310216257699653

55 Faeu the Skirmisher (level 3, 0/33 HPs)
             Began as a Minotaur Berserker on May 15, 2022.
             Was a Believer of Trog.
             Succumbed to an adder's poison
             ... on level 2 of the Dungeon.
             The game lasted 00:01:51 (1360 turns).

Faeu the Skirmisher (Minotaur Berserker)            Turns: 1360, Time: 00:01:52

Health: 0/33       AC:  2    Str: 23    XL:     3   Next: 67%
Magic:  2/2        EV: 12    Int:  4    God:    Trog [**....]
Gold:   46         SH:  0    Dex:  9    Spells: 2/2 levels left

rFire   . . .      SeeInvis .   a - +0 hand axe {axe}
rCold   . . .      Faith    .   (no shield)
rNeg    . . .      Spirit   .   b - +0 animal skin
rPois   .          Reflect  .   (helmet restricted)
rElec   .          Harm     .   (no cloak)
rCorr   .          Rampage  .   (no gloves)
Will    .....                   (no boots)
Stlth   +.........              (no amulet)
HPRegen 0.11/turn               (no ring)
MPRegen 0.08/turn               (no ring)

@: lethally poisoned (0 -> -2), hasted, very quick
A: horns 2, retaliatory headbutt
a: Renounce Religion, Berserk, Trog's Hand


You were on level 2 of the Dungeon.
You worshipped Trog.
Trog was pleased with you.
You visited 1 branch of the dungeon, and saw 2 of its levels.

You collected 46 gold pieces.


Innate Abilities, Weirdness & Mutations

You have a pair of horns on your head.
You reflexively headbutt those who attack you in melee.


   Skills:
 + Level 4.2 Fighting
 + Level 4.2 Axes
 + Level 3.2 Armour
 + Level 2.9 Dodging


You had 2 spell levels left.
You didn't know any spells.
Your spell library contained the following spells:

 Spells                   Type           Power      Damage    Failure   Level
 Malign Gateway           Summ/Tloc      0%         N/A       100%        7
 Summon Horrible Things   Summ           0%         N/A       100%        8

Inventory:

Hand Weapons
 a - a +0 hand axe (weapon) {axe}
 e - a +1 vampiric dagger {short}
   (You took it off a kobold on level 1 of the Dungeon)
 f - a +0 short sword of draining {short}
   (You took it off a kobold on level 1 of the Dungeon)
Armour
 b - a +0 animal skin (worn)
Scrolls
 d - a scroll of fear {unknown}
 g - a scroll of blinking {unknown}
 h - a scroll of enchant weapon {unknown}
 i - a scroll of teleportation {unknown}
Potions
 c - a potion of haste {@q3}

Dungeon Overview and Level Annotations

Branches:
Dungeon (2/15)

Altars:

.. ############# .#.##
#....<......† ....
#..####.##### #.. #..# #.# #
#S#..###########..####.#####
##. #.......@................
#..###.............########.#
#....?...##.........# ##.#
#...........####....######...
####...........#
#.............
.........##.##.#
#....######...
###?....##.##.###.###.# ##.#
#..............# #. #.#
.........##.##.##.# #.#
###....S.##?##.# # #..
#.#..........# ###


There were no monsters in sight!


Message History

You take 1 damage, and now have 27/33 hp.
An adder is nearby!
You barely miss the adder.
You feel sick.
The adder bites you but does no damage. 😕 HP[-2]
You take 2 damage, and now have 25/33 hp.
An adder is nearby!
You closely miss the adder.
You feel sick. The adder bites you.
You are more poisoned.
The adder poisons you! The adder closely misses you. 😮 HP[-3]
You take 3 damage, and now have 22/33 hp.
You miss the adder. Your headbutt misses the adder.
You feel sick. The adder misses you. 😮 HP[-1]
You take 1 damage, and now have 21/33 hp.
You slash the adder!
You kill the adder!
Trog accepts your kill.
You can now call upon Trog for regeneration and willpower.
You feel sick. 😮 HP[-1]
You take 1 damage, and now have 20/33 hp.
You feel sick. 😮 HP[-1]
You take 1 damage, and now have 19/33 hp.
You feel sick. 😮 HP[-1]
You take 1 damage, and now have 18/33 hp.
You feel sick.
You feel sick.
You are no longer poisoned.
An adder comes into view.
You are too injured to fight recklessly! 😨 HP[-2]
You take 2 damage, and now have 16/33 hp.
An adder is nearby!
You are too injured to fight recklessly! 😮 HP[+1] 😮 HP[+1]
You start resting.
An adder is nearby! 😮 HP[+3]
You regained 3 hp, and now have 21/33 hp.
An adder is nearby!
You are too injured to fight recklessly! 😮 HP[+1]
The adder hisses angrily.
The adder bites you. 😮 HP[-3]
You take 3 damage, and now have 19/33 hp.
You miss the adder. The adder closely misses you. You furiously retaliate!
You headbutt the adder. You miss the adder. The adder barely misses you.
The adder closely misses you.
You hit the adder. The adder bites you.
* * * LOW HITPOINT WARNING * * *
You are poisoned.
The adder poisons you! 😨 HP[-5]
You take 5 damage, and now have 14/33 hp.
You barely miss the adder. Your headbutt misses the adder.
You feel sick. The adder bites you.
* * * LOW HITPOINT WARNING * * *
😨 HP[-4]
You take 4 damage, and now have 10/33 hp.
You hit the adder.
You feel sick. The adder bites you.
* * * LOW HITPOINT WARNING * * *
You are lethally poisoned!
The adder poisons you! The adder barely misses you. 😱 HP[-2]
You take 2 damage, and now have 8/33 hp.
You hit the adder.
You kill the adder!
Trog accepts your kill.
* * * LOW HITPOINT WARNING * * *
You feel sick. 😱 HP[-2]
You take 2 damage, and now have 6/33 hp.
* * * LOW HITPOINT WARNING * * *
You feel sick. 😱 HP[-1]
You take 1 damage, and now have 5/33 hp.
* * * LOW HITPOINT WARNING * * *
You feel sick. 😱 HP[-2]
You take 2 damage, and now have 3/33 hp.
* * * LOW HITPOINT WARNING * * *
You feel sick. 😱 HP[-1]
You take 1 damage, and now have 2/33 hp.
It was a potion of haste.
You feel yourself speed up.
* * * LOW HITPOINT WARNING * * *
You feel sick. 😱 HP[-1]
You take 1 damage, and now have 1/33 hp.
There is a lethal amount of poison in your body!
You are too injured to fight recklessly!
There is a lethal amount of poison in your body!
You are too injured to fight recklessly!
You die...

Skill      XL: |  1  2 |
---------------+-------+-----
Fighting       | 4 |  4.2
Axes           | 4 |  4.2
Armour         | 3 |  3.2
Dodging        | |  2.9

Action                   || total
-------------------------++-------
Melee: Hand axe          ||    69
       Headbutt          ||     7
  Use: Potion            ||     1
 Stab: Sleeping          ||     1
Armor: Animal skin       ||    10
Dodge: Dodged            ||    53

Levels and vault maps discovered:
D:1:      saegor_arrival_simple_c, layout_loops_corners
D:2:      layout_loops_ring, basic_altar, basic_ecumenical_altar, uniq_robin

Notes
Turn   | Place    | Note
-------+----------+-------------------------------------------
     0 | D:1      | Faeu the Minotaur Berserker began the quest for the Orb.
     0 | D:1      | Reached XP level 1. HP: 19/19 MP: 0/0
     0 | D:1      | magus.rc [v1.9.6]
   171 | D:1      | Reached XP level 2. HP: 27/27 MP: 1/1
   525 | D:1      | Reached skill level 4 in Fighting
   670 | D:1      | Reached skill level 4 in Axes
   686 | D:1      | Reached skill level 3 in Armour
   736 | D:1      | You add the spells Malign Gateway and Summon Horrible
                  | Things to your library.
   983 | D:1      | Reached XP level 3. HP: 33/33 MP: 2/2
  1138 | D:1      | magus.rc [v1.9.6]
  1289 | D:2      | Reached ** piety under Trog
  1353 | D:2      | HP: 8/33 [adder (1)]
  1356 | D:2      | HP: 3/33 [poisoned by an adder]
  1358 | D:2      | HP: 1/33 [poisoned by an adder]
  1360 | D:2      | Succumbed to an adder's poison

Vanquished Creatures
  2 adders (D:2)
  6 ball pythons
  5 bats
  2 giant cockroaches
  2 goblins (D:1)
  6 hobgoblins (D:1)
  2 jackals (D:1)
  2 kobolds (D:1)
  A quokka (D:1)
  2 frilled lizards
  3 rats
33 creatures vanquished.

Table legend:
 A = Non-vault XP
 B = Vault XP
 C = Vault XP percentage of total XP
 D = Non-vault monster count
 E = Vault monster count
 F = Vault count percentage of total count
                 A         B        C        D         E       F
            +---------+---------+-------+---------+---------+-------
      Total |      79 |       0 |   0.0 |      33 |       0 |   0.0
            +---------+---------+-------+---------+---------+-------
        D:1 |      47 |       0 |   0.0 |      26 |       0 |   0.0
        D:2 |      32 |       0 |   0.0 |       7 |       0 |   0.0
            +---------+---------+-------+---------+---------+-------

Illustrated notes

Table legend:
 A = Kills in this place as a percentage of kills in entire the game.
 B = Kills by you in this place as a percentage of kills by you in the entire game.
 C = Kills by friends in this place as a percentage of kills by friends in the entire game.
 D = Other kills in this place as a percentage of other kills in the entire game.
 E = Experience gained in this place as a percentage of experience gained in the entire game.
 F = Experience gained in this place divided by the number of levels of this place that you have seen.
                   A       B       C       D       E      F
               +-------+-------+-------+-------+-------+----------------------
         Total | 100.0 | 100.0 |   N/A |   N/A | 100.0 |  39.5
       Dungeon | 100.0 | 100.0 |   N/A |   N/A | 100.0 |  39.5
               +-------+-------+-------+-------+-------+----------------------

Table legend: (Time is in decaauts)
 A = Elapsed time spent in this place.
 B = Non-inter-level travel time spent in this place.
 C = Inter-level travel time spent in this place.
 D = Time resting spent in this place.
 E = Time spent auto-exploring this place.
 F = Levels seen in this place.
 G = Mean time per level.
                   A        B        C        D        E       F      G
               +--------+--------+--------+--------+--------+-----+--------+
         Total |   1366 |   1321 |     45 |     34 |   1084 |   2 |  683.0 |
       Dungeon |   1366 |   1321 |     45 |     34 |   1084 |   2 |  683.0 |
               +--------+--------+--------+--------+--------+-----+--------+

Top non-repeatable levels by time:
     D:1: 1188 daAuts
     D:2: 178 daAuts
